 Dungeon Crawl Stone Soup version 0.21.1-1-g345015fe64 (webtiles) character file.

1948916 frumblo the Invulnerable (level 27, 210/210 HPs)
             Began as a Gargoyle Fighter on Feb 13, 2018.
             Was the Champion of Okawaru.
             Escaped with the Orb
             ... and 4 runes on Feb 17, 2018!
             The game lasted 08:10:40 (106251 turns).

frumblo the Invulnerable (Gargoyle Fighter)       Turns: 106251, Time: 08:10:40

Health: 210/210    AC: 56    Str: 26    XL:     27
Magic:  39/39      EV:  9    Int:  8    God:    Okawaru [******]
Gold:   6936       SH: 21    Dex: 10    Spells: 48/51 levels left

rFire    + + .     SeeInvis +   Y - +9 eveningstar (crush)
rCold    . . .     Gourm    .   H - +0 shield {reflect}
rNeg     + + +     Faith    .   Q - +7 plate armour of the Gravedigger {*Drain rElec rN+ MR+ Regen+}
rPois    ∞         Spirit   .   L - +2 hat {MR+}
rElec    +         Reflect  +   A - scarf {cloud immunity}
rCorr    .         Harm     .   t - +1 pair of gloves of Nesaol {Slay+3 Stlth+}
MR       +++++                  d - +2 pair of boots {Fly}
Stlth    ..........             v - amulet of Kaehuph {RegenMP rF+}
HPRegen  0.00/turn              O - ring "Ygueg" {rF+ MR+ SInv Stlth+}
MPRegen  0.51/turn              I - ring "Bieski Mimme" {+Blink rN+ Dex+3 Slay+2}

@: flying, hasted, glowing, very quick
A: big wings, horns 1, large bone plates 1, rugged brown scales 2, clumsy 1,
deformed body, dopey 2, magic resistance 1, negative energy resistance 1, robust
1, electricity resistance, inhibited regeneration, weak 2, unbreathing,
petrification resistance, rot immunity, AC +20
0: Orb of Zot
}: 4/15 runes: decaying, slimy, silver, gossamer
a: Stop Flying, Heroism, Finesse, Renounce Religion, Evoke Blink


You escaped.
You worshipped Okawaru.
Okawaru was exalted by your worship.
You were not hungry.

You visited 12 branches of the dungeon, and saw 58 of its levels.
You visited the Abyss 1 time.
You visited 1 bazaar.

You collected 9525 gold pieces.
You spent 2589 gold pieces at shops.

Inventory:

Hand Weapons
 Y - a +9 eveningstar of crushing (weapon)
Armour
 d - a +2 pair of boots of flying (worn)
 s - a +2 cloak of magic resistance
 t - the +1 pair of gloves of Nesaol (worn) {Slay+3 Stlth+}
   (Okawaru gifted it to you on level 5 of the Realm of Zot)

   It affects your accuracy and damage with ranged weapons and melee attacks
   (+3).
   It makes you more stealthy.
 A - a scarf of cloud immunity (worn)
 H - a +0 shield of reflection (worn)
 L - a +2 hat of magic resistance (worn)
 P - a +2 large shield of reflection
 Q - the +7 plate armour of the Gravedigger (worn) {*Drain rElec rN+ MR+ Regen+}
   (Okawaru gifted it to you on level 4 of the Spider Nest)

   It insulates you from electricity.
   It protects you from negative energy.
   It affects your resistance to hostile enchantments.
   It increases your rate of regeneration.
   It causes draining when unequipped.
Jewellery
 i - the ring of the Hidden Continents {rC+ rN+}
   (You found it on level 3 of the Crypt)

   [ring of positive energy]

   It protects you from cold.
   It protects you from negative energy.
 j - an uncursed ring of resist corrosion
 v - the amulet of Kaehuph (around neck) {RegenMP rF+}
   (You acquired it on level 5 of the Pits of Slime)

   [amulet of magic regeneration]

   It increases your magic regeneration.
   It protects you from fire.
 I - the ring "Bieski Mimme" (right hand) {+Blink rN+ Dex+3 Slay+2}
   (You found it on level 3 of the Crypt)

   [ring of positive energy]

   It affects your dexterity (+3).
   It affects your accuracy and damage with ranged weapons and melee attacks
   (+2).
   It protects you from negative energy.
   It lets you blink.
 K - a cursed ring of protection from cold {unknown}
 O - the ring "Ygueg" (left hand) {rF+ MR+ SInv Stlth+}
   (You found it on level 5 of the Pits of Slime)

   [ring of stealth]

   It protects you from fire.
   It affects your resistance to hostile enchantments.
   It lets you see invisible.
   It makes you more stealthy.
Wands
 c - a wand of flame (32)
 p - a wand of digging (37)
 z - a wand of scattershot (4)
 U - a wand of disintegration (32)
 W - a wand of paralysis (27)
 X - a wand of iceblast (5)
Scrolls
 a - 2 scrolls of magic mapping
 e - 3 scrolls of identify
 g - 11 scrolls of teleportation
 k - 3 scrolls of torment {unknown}
 n - 5 scrolls of fear
 r - 3 scrolls of holy word
 u - 14 scrolls of immolation
 y - 5 scrolls of enchant armour
 B - 2 scrolls of fog
 F - 28 scrolls of remove curse
 G - 3 scrolls of blinking
 M - 3 scrolls of noise {unknown}
 N - 10 scrolls of vulnerability
 S - 5 scrolls of enchant weapon
Potions
 b - a potion of resistance
 l - 2 potions of cancellation
 m - 10 potions of brilliance
 o - 6 potions of lignification
 q - 2 potions of haste
 w - 5 potions of mutation
 x - 7 potions of agility
 D - 8 potions of invisibility
 E - a potion of ambrosia
 R - 21 potions of curing
 T - 5 potions of heal wounds
 V - 7 potions of magic
 Z - 7 potions of might
Books
 C - a book of the Sky

   Spells                             Type                      Level
   a - Summon Lightning Spire         Summoning/Air                4
   b - Silence                        Hexes/Air                    5
   c - Deflect Missiles               Charms/Air                   6
   d - Conjure Ball Lightning         Conjuration/Air              6
   e - Tornado                        Air                          9
 J - a book of Callings

   Spells                             Type                      Level
   a - Summon Small Mammal            Summoning                    1
   b - Call Imp                       Summoning                    2
   c - Call Canine Familiar           Summoning                    3
   d - Summon Guardian Golem          Hexes/Summoning              3
   e - Summon Lightning Spire         Summoning/Air                4
   f - Summon Ice Beast               Ice/Summoning                4
Miscellaneous
 h - a lamp of fire
Comestibles
 f - 34 rations


   Skills:
 + Level 21.5 Fighting
 * Level 26.4 Maces & Flails
 O Level 27 Armour
 - Level 0.3 Dodging
 * Level 23.6 Shields
 * Level 12.7 Spellcasting
 - Level 4.0 Summonings
 - Level 7.0 Translocations
 - Level 2.0 Invocations
 - Level 16.2 Evocations


You had 48 spell levels left.
You knew the following spells:

 Your Spells              Type           Power        Failure   Level  Hunger
a - Blink                 Tloc           N/A          3%          2    None
b - Summon Butterflies    Summ           ##......     7%          1    None


Dungeon Overview and Level Annotations

Branches:
Dungeon (15/15)            Temple (1/1) D:6            Lair (6/6) D:11
  Swamp (4/4) Lair:2       Spider (4/4) Lair:3        Slime (5/5) Lair:6
    Orc (2/2) D:12            Elf (3/3) Orc:2        Vaults (5/5) D:13
  Crypt (3/3) Vaults:3       Tomb (0/3) Crypt:3      Depths (5/5) D:15
    Zot (5/5) Depths:5

Altars:
Ashenzari
Cheibriados
Dithmenos
Elyvilon
Fedhas
Gozag
Hepliaklqana
Kikubaaqudgha
Makhleb
Nemelex Xobeh
Okawaru
Qazlal
Ru
Sif Muna
Trog
Uskayaw
Vehumet
Wu Jian
Xom
Yredelemnul
Zin
The Shining One

Shops:
D:6 %}[((   D:10 :   D:13 *   Orc:2 (!?[   Elf:1 :   Vaults:5 %%!=
Depths:1 ::   Depths:2 }=}   Depths:3 [:?*   Depths:5 *

Portals:
Hell: Depths:1 Depths:2 Depths:3 Depths:4 Depths:5
Abyss: Depths:3 Depths:4 Depths:5
Pandemonium: Depths:3
Ziggurat: Depths:2
Trove: D:15 (show abyssal rune of Zot)

Annotations:
D:7 tensugalgo's ghost, novice NaAs
Lair:5 exclusion: oklob plant
Elf:2 5 runed doors


Innate Abilities, Weirdness & Mutations

You are resistant to torment.
Your stone body is resilient. (AC +20)
You are immune to poison.
Your large and strong wings let you fly indefinitely.
You resist negative energy. (rN+)
You are resistant to electric shocks. (rElec)
You can survive without breathing.
You are immune to petrification.
You are immune to rotting.
You have a pair of small horns on your head.
You are partially covered in large bone plates. (SH +4)
You are mostly covered in rugged brown scales. (AC +2, +5% HP)
You are clumsy. (Dex -2)
Armour fits poorly on your strangely shaped body.
You are very dopey. (Int -4)
You are resistant to hostile enchantments. (MR+)
You are robust. (+10% HP)
You do not regenerate when monsters are visible.
You are very weak. (Str -4)


Message History

The arrow disappears in a puff of smoke!
The seraph gestures.
The seraph begins to accept its allies' injuries.
The cherub unwields an uncursed longbow.
The cherub wields an uncursed long sword of flaming.
It bursts into flame!
You block the cherub's attack.
The cherub pecks you but does no damage.
A cherub comes into view. It is wielding a flail of flaming.
The cherub no longer looks unusually strong.
The cherub sings a powerful hymn!
The cherub goes into a battle-frenzy!
The cherub sings a powerful hymn!
The seraph goes into a battle-frenzy!
There is a dry fountain here.
There is an open door here.
The seraph shouts a warning to its allies!
There is a staircase leading out of the dungeon here.
The seraph gestures.
The seraph begins to accept its allies' injuries.
You have escaped!

#.#...# #.....# #...
#.###.# ##...## #... #.#
#.# ##'## #...
#.###.############.##
###)..
#...................#
#.....
#####.#############.#
#.(... #.# ##...####.#
#..... #>### #.....#.A.#
#.(... #.#.# #..@..'.A.#
#(#.## #.#.# #.....###A#
#.#... #.#.#
##...####.#####.#### #.#.#
########.AA.A.A.# #. #.#.#
#.......#.#####.# #.
#.#.###.##.###..A..##.# #.
#.....#.##.###'###.##A###.
#.....#.##.##...##.##A#...
#.......##.#...AA.........


You could see a seraph, an angel and a cherub.

Vanquished Creatures
  the Royal Jelly (Slime:5)
  10 orbs of fire
  The ghost of garbagetei the Bringer of Light, a legendary GnFi of the Shining One (Zot:1)
  6 ancient liches
  The ghost of oldnick the Sorcerer, a veteran DgCj (Slime:5)
  Sojobo (Depths:5)
  Boris (Depths:4)
  Margery (Vaults:2)
  Frederick (Crypt:1)
  Bai Suzhen (Crypt:2)
  Saint Roka (Depths:4)
  7 Killer Klowns
  A caustic shrike (Depths:5)
  9 golden dragons
  4 liches
  A shard shrike zombie (Crypt:3)
  3 electric golems
  4 bone dragons
  The ghost of deszczowiec the Warrior, an adept MiBe of Trog (Slime:5)
  22 tentacled monstrosities
  Jorgrun (Swamp:2)
  27 Orb Guardians
  2 deep elf blademasters
  2 deep elf master archers (Elf:3)
  4 quicksilver dragons
  6 titans
  Asterion (Spider:4)
  8 ancient champions
  5 sphinxes
  30 acid blobs
  Agnes (Spider:4)
  The ghost of mahrgell the Brawler, an adept DrTm of Cheibriados (Swamp:4)
  A thorn hunter (Swamp:4)
  9 death cobs
  Donald (Swamp:2)
  11 shadow dragons
  5 tengu reavers
  3 tentacled starspawn
  20 storm dragons
  7 fire giants
  3 revenants
  4 draconian monks
  10 azure jellies
  13 frost giants
  A daeva (Abyss:5)
  15 draconian knights
  13 vault wardens
  7 ghost moths
  8 iron dragons
  4 deep elf sorcerers
  2 curse skulls
  8 draconian scorchers
  6 emperor scorpions
  3 orc warlords
  3 ghouls (Crypt:2)
  7 deep elf elementalists (Elf:3)
  7 draconian stormcallers
  20 stone giants
  6 draconian annihilators
  A reaper (Crypt:1)
  3 spriggan defenders
  13 ironheart preservers
  3 entropy weavers
  4 draconian shifters
  27 very ugly things
  8 deep elf demonologists
  Azrael (D:15)
  11 green draconians
  7 vampire knights
  6 yellow draconians
  12 black draconians
  12 deep elf annihilators
  14 white draconians
  2 spark wasps
  14 red draconians
  2 dire elephants
  21 purple draconians
  8 deep elf death magi
  6 eidola
  2 green deaths (Swamp:4)
  Josephine (D:10)
  9 death oozes
  11 jiangshi
  A quicksilver dragon zombie (Depths:3)
  8 fire dragons
  19 ettins
  21 yaktaur captains
  17 ice dragons
  8 rakshasas
  39 vault guards
  A quicksilver dragon skeleton (Crypt:3)
  6 deep elf high priests
  A spriggan air mage (Depths:5)
  16 hydras
  8 ghost crabs
  15 great orbs of eyes
  A merfolk aquamancer (Depths:5)
  9 centaur warriors
  2 death knights
  3 catoblepae
  58 two-headed ogres
  Erica (D:7)
  24 dancing weapons
  9 deep troll shamans
  7 alligators
  17 ogre magi
  4 vampire magi
  2 tengu warriors
  15 death yaks
  3 hell hogs (Abyss:5)
  4 deep troll earth magi
  12 hell knights
  4 thrashing horrors
  4 spriggan berserkers
  An orc high priest (Depths:5)
  48 skeletal warriors
  22 deep elf knights
  4 iron trolls
  A wretched star (Abyss:5)
  23 deep trolls
  3 titan skeletons (Crypt:3)
  A fire crab (shapeshifter) (Vaults:5)
  A quicksilver dragon simulacrum (Vaults:5)
  A salamander mystic (Depths:4)
  4 unseen horrors
  13 deep elf archers
  3 shadow wraiths
  2 wizards
  6 glowing orange brains
  3 flayed ghosts
  3 spriggan druids (Swamp:3)
  An orange crystal statue (Vaults:4)
  9 swamp dragons
  Pikel (D:5)
  A golden dragon skeleton (Crypt:3)
  An anaconda skeleton (Crypt:3)
  10 phantasmal warriors
  14 ironbrand convokers
  10 necromancers
  17 orc knights
  16 orb spiders
  A tengu zombie (Depths:1)
  6 harpies
  2 shambling mangroves (Swamp:1)
  35 wolf spiders
  An orb spider (shapeshifter) (D:15)
  8 wolf spider zombies (Spider:2)
  The ghost of Voland the Transmogrifier, a novice FeTm (Orc:1)
  A small abomination (Vaults:4)
  2 oklob plants (D:11)
  4 shining eyes
  A harpy (shapeshifter) (Vaults:5)
  8 orc sorcerers
  75 deep elf magi
  2 cyclopes
  A frost giant zombie (Vaults:4)
  2 manticores
  A moth of wrath (shapeshifter) (Vaults:3)
  34 ugly things
  The ghost of topfpfpflanze the Cudgeler, a novice OgMo (D:4)
  7 large abominations
  11 elephants
  3 salamanders (Depths:4)
  3 centaur zombies (D:14)
  An iron dragon skeleton (Crypt:3)
  25 moths of wrath
  5 apocalypse crabs
  3 human skeletons
  2 black mambas
  20 vault sentinels
  Psyche (D:11)
  A yellow draconian zombie (Crypt:3)
  A stone giant skeleton (Vaults:5)
  A smoke demon (Depths:4)
  3 centaur skeletons
  A shock serpent skeleton (Crypt:3)
  4 orange demons (Swamp:4)
  2 gargoyles
  A rime drake (Lair:2)
  A yaktaur zombie (Vaults:5)
  15 spiny frogs
  A kobold demonologist (D:13)
  A dire elephant skeleton (Crypt:3)
  9 komodo dragons
  A komodo dragon (shapeshifter) (Depths:2)
  An alligator snapping turtle skeleton (Crypt:3)
  9 demonic crawlers
  11 freezing wraiths
  29 yaktaurs
  A purple draconian skeleton (Crypt:1)
  6 hellwings
  A tengu conjurer (Depths:2)
  A minotaur zombie (Crypt:2)
  A red draconian skeleton (Crypt:1)
  2 ancient zymes (Abyss:5)
  A silent spectre (Abyss:5)
  3 jumping spiders (shapeshifter)
  A golden dragon simulacrum (Depths:3)
  A meliai (shapeshifter) (Depths:3)
  A grey draconian skeleton (Crypt:2)
  8 redback zombies (Spider:2)
  10 trolls
  4 red devils (Depths:4)
  A troll (shapeshifter) (Vaults:1)
  44 jumping spiders
  A black draconian skeleton (Crypt:1)
  3 meliai (Spider:3)
  4 wind drakes (shapeshifter)
  2 queen bees
  A queen bee (shapeshifter) (Vaults:1)
  2 tyrant leeches
  3 polar bears
  2 hornets (shapeshifter)
  A raiju (shapeshifter) (Vaults:3)
  A harpy skeleton (Crypt:3)
  111 slime creatures
  13 tarantella zombies (Spider:2)
  A snapping turtle (shapeshifter) (Depths:3)
  A spriggan zombie (Depths:1)
  20 hornets
  17 bog bodies
  10 hippogriffs
  7 dream sheep (Lair:6)
  A hippogriff (shapeshifter) (Vaults:4)
  11 blink frogs
  An ettin zombie (Vaults:4)
  70 redbacks
  A spriggan (shapeshifter) (Vaults:3)
  17 flying skulls
  34 tarantellas
  4 water elementals
  A satyr skeleton (Crypt:3)
  5 shadows
  3 air elementals
  6 wyverns
  A redback (shapeshifter) (Vaults:4)
  3 ettin skeletons
  A ynoxinul (Abyss:5)
  2 spriggans
  2 fire dragon skeletons (Crypt:3)
  Grum (D:10)
  2 vampires (D:11)
  9 wraiths
  4 black mamba skeletons
  3 golden eyes (Slime:2)
  2 elf zombies
  4 fire elementals
  53 yaks
  4 basilisks
  The ghost of keat06 the Skirmisher, an amateur FoAr (D:3)
  A wind drake skeleton (Crypt:2)
  A chaos spawn (D:13)
  3 hungry ghosts
  12 vampire mosquitoes
  An elf skeleton (Vaults:5)
  17 swamp worms
  11 wargs
  8 insubstantial wisps
  A soldier ant (shapeshifter) (Vaults:2)
  15 water moccasins
  A swamp worm (shapeshifter) (Vaults:4)
  4 acid dragons
  A soldier ant (D:11)
  An infernal demonspawn skeleton (Crypt:1)
  6 hell hounds
  A floating eye (shapeshifter) (Depths:3)
  5 floating eyes
  6 porcupines
  7 swamp drakes
  A slave (D:5)
  Duvessa (D:3)
  62 orc warriors
  7 sky beasts
  An ice beast (shapeshifter) (Vaults:5)
  A hornet zombie (Crypt:3)
  A fire dragon simulacrum (Depths:1)
  3 black bears
  3 phantoms
  2 ice beasts
  4 eyes of draining
  A necrophage (Crypt:2)
  41 ogres
  13 boggarts
  A swamp dragon zombie (Crypt:3)
  An ice dragon simulacrum (Abyss:5)
  2 snapping turtle skeletons
  A blink frog skeleton (Crypt:1)
  15 centaurs
  34 wolves
  A manticore skeleton (Crypt:3)
  9 crocodiles
  4 big kobolds
  2 salamander zombies (Crypt:1)
  13 bullfrogs
  A bullfrog (shapeshifter) (Depths:2)
  A gnoll sergeant (D:10)
  3 earth elementals
  Dowan (D:3)
  A water moccasin zombie (D:11)
  3 scorpions
  A water moccasin skeleton (Crypt:2)
  A warg zombie (Crypt:1)
  49 killer bees
  A spriggan skeleton (Crypt:3)
  3 wights (D:7)
  2 howler monkeys
  5 electric eels
  A bullfrog zombie (D:7)
  7 crimson imps
  A quasit (D:10)
  18 starcursed masses (Abyss:5)
  3 human simulacra (Vaults:1)
  7 hounds
  5 jellies
  A bullfrog skeleton (D:11)
  A gnoll shaman (D:4)
  26 orc priests
  Crazy Yiuf (D:3)
  An iron imp (Depths:1)
  24 orc wizards
  Jessica (D:2)
  A black bear zombie (Crypt:1)
  A demonspawn skeleton (Crypt:2)
  14 worker ants
  Natasha (thrice) (D:2)
  3 iguanas
  A killer bee zombie (D:8)
  A tengu skeleton (Crypt:3)
  An ogre skeleton (Crypt:2)
  A crocodile skeleton (Crypt:3)
  A worker ant zombie (D:8)
  Robin (D:2)
  7 adders
  12 gnolls
  A river rat (Lair:2)
  4 shadow imps
  3 oozes (Lair:6)
  An adder skeleton (D:7)
  A lava snake skeleton (Crypt:2)
  A worm (shapeshifter) (Vaults:5)
  3 dart slugs
  5 worms
  7 leopard geckos
  97 orcs
  4 ball pythons
  10 bats
  A bat skeleton (Crypt:3)
  3 giant cockroaches (D:1)
  10 goblins
  13 hobgoblins
  2 quokkas
  6 frilled lizards
  A giant cockroach zombie (Crypt:2)
  A jackal skeleton (D:7)
  29 kobolds
  4 leopard gecko skeletons
  5 rats
  2 briar patches (Swamp:4)
  8 plants
  A starspawn tentacle (Abyss:5)
2774 creatures vanquished.

Vanquished Creatures (others)
  Nikola (Swamp:2)
  A tengu reaver (Depths:5)
  A draconian knight (Zot:4)
  A spriggan defender (Depths:3)
  3 stone giants
  4 yaktaur captains
  4 centaur warriors
  A deep elf knight (Elf:1)
  A deep troll (Depths:4)
  An unseen horror (D:12)
  4 deep elf archers
  An orb spider (Spider:4)
  2 cyclopes
  2 spiny frogs
  8 yaktaurs
  A raiju (Abyss:5)
  A basilisk (shapeshifter) (Vaults:5)
  A swamp worm (Swamp:1)
  7 orc warriors (Orc:2)
  A swamp drake (Swamp:3)
  7 centaurs
  A worker ant (D:5)
  A worker ant zombie (D:5)
  An adder skeleton (D:5)
  5 orcs
  3 briar patches (Swamp:4)
  9 fungi
  7 plants
  10 starspawn tentacles
90 creatures vanquished.

Grand Total: 2864 creatures vanquished

Notes
Turn   | Place    | Note
-------+----------+-------------------------------------------
     0 | D:1      | frumblo the Gargoyle Fighter began the quest for the Orb.
     0 | D:1      | Reached XP level 1. HP: 14/14 MP: 1/1
   332 | D:1      | Reached XP level 2. HP: 19/19 MP: 2/2
   631 | D:1      | Reached XP level 3. HP: 22/23 MP: 3/3
  1176 | D:2      | Noticed Robin
  1186 | D:2      | Killed Robin
  1186 | D:2      | Reached XP level 4. HP: 24/29 MP: 4/4
  1431 | D:2      | Found a radiant altar of Vehumet.
  1514 | D:2      | Noticed Natasha
  1536 | D:2      | Killed Natasha
  1827 | D:2      | Noticed Jessica
  1832 | D:2      | Killed Jessica
  1832 | D:2      | Reached skill level 4 in Armour
  1832 | D:2      | Reached XP level 5. HP: 33/33 MP: 5/5
  2413 | D:2      | Noticed Natasha
  2424 | D:2      | Killed Natasha
  2430 | D:2      | Noticed Natasha
  2578 | D:3      | Noticed keat06's ghost (amateur FoAr)
  2770 | D:2      | Killed Natasha
  3533 | D:3      | Found a runed door.
  3934 | D:3      | Killed keat06's ghost
  3934 | D:3      | Reached XP level 6. HP: 15/38 MP: 6/6
  4512 | D:3      | Noticed Crazy Yiuf
  4520 | D:3      | Killed Crazy Yiuf
  4716 | D:3      | Reached skill level 5 in Armour
  4835 | D:3      | Reached XP level 7. HP: 44/44 MP: 7/7
  4843 | D:4      | Noticed topfpfpflanze's ghost (novice OgMo)
  4848 | D:4      | Noticed Dowan
  4848 | D:4      | Got a pair of polished boots
  4860 | D:3      | Identified the -2 pair of boots of Liberty {Str+2 Stlth+} (You found it on level 4 of the Dungeon)
  5144 | D:4      | Noticed Duvessa
  5383 | D:3      | Killed Duvessa
  5383 | D:3      | Reached skill level 1 in Evocations
  5398 | D:3      | Killed Dowan
  5398 | D:3      | Reached skill level 5 in Shields
  5759 | D:3      | Reached skill level 5 in Maces & Flails
  5989 | D:4      | Found a glowing golden altar of the Shining One.
  6155 | D:4      | Killed topfpfpflanze's ghost
  6155 | D:4      | Reached skill level 5 in Fighting
  6155 | D:4      | Reached skill level 6 in Armour
  6155 | D:4      | Reached XP level 8. HP: 22/49 MP: 9/9
  6869 | D:5      | Entered Level 5 of the Dungeon
  7250 | D:5      | Noticed Pikel
  7293 | D:5      | Killed Pikel
  7293 | D:5      | Reached skill level 7 in Armour
  7293 | D:5      | Reached XP level 9. HP: 33/55 MP: 9/11
  8092 | D:6      | Found Unow's Antique Weapon Shop.
  8158 | D:6      | Found Muar Icw's Weapon Boutique.
  8620 | D:6      | Reached skill level 8 in Armour
  8667 | D:6      | Found Soiqor's Gadget Shoppe.
  8671 | D:6      | Bought a wand of iceblast (8) for 132 gold pieces
  8726 | D:6      | Found a staircase to the Ecumenical Temple.
  8887 | D:6      | Found Oralu's Antique Armour Boutique.
  8907 | D:6      | Bought a faintly humming scale mail for 225 gold pieces
  8917 | D:6      | Identified the +4 scale mail "Typi" {Str-4 Int+7 Slay-5 Stlth+} (You bought it in a shop on level 6 of the Dungeon)
  8958 | D:6      | Noticed a gargoyle
  9605 | Temple   | Entered the Ecumenical Temple
  9635 | Temple   | Became a worshipper of Warmaster Okawaru
  9857 | D:7      | Found a shimmering altar of Xom.
  9858 | D:7      | Noticed tensugalgo's ghost (novice NaAs)
 10459 | D:8      | Reached * piety under Okawaru
 10686 | D:8      | Reached XP level 10. HP: 61/61 MP: 12/12
 10735 | D:8      | Noticed Erica
 10782 | D:7      | Killed Erica
 10782 | D:7      | Reached skill level 9 in Armour
 10927 | D:8      | Noticed a two-headed ogre
 10977 | D:8      | Reached ** piety under Okawaru
 11179 | D:8      | Killed a two-headed ogre
 11734 | D:9      | Found a blossoming altar of Fedhas.
 11734 | D:9      | Found a burning altar of Makhleb.
 11735 | D:9      | Found a stormy altar of Qazlal.
 12488 | D:10     | Entered Level 10 of the Dungeon
 12872 | D:10     | Noticed a deep elf mage
 12875 | D:10     | Noticed an orange demon
 13037 | D:10     | Noticed a two-headed ogre
 13061 | D:9      | Killed a two-headed ogre
 13061 | D:9      | Reached *** piety under Okawaru
 13061 | D:9      | Reached skill level 10 in Armour
 13061 | D:9      | Reached skill level 5 in Evocations
 13061 | D:9      | Reached XP level 11. HP: 11/68 MP: 11/14
 13708 | D:10     | Killed a deep elf mage
 13714 | D:10     | Found Lorphigh's Book Shop.
 14248 | D:10     | Noticed a two-headed ogre
 14263 | D:10     | Killed a two-headed ogre
 14263 | D:10     | Reached **** piety under Okawaru
 14808 | D:11     | Noticed Grum
 14953 | D:10     | Killed Grum
 15289 | D:11     | Reached skill level 10 in Maces & Flails
 15298 | D:11     | Noticed an oklob plant
 15462 | D:11     | Noticed Josephine
 15832 | D:10     | Killed Josephine
 15832 | D:10     | Received a gift from Okawaru
 15832 | D:10     | Reached skill level 11 in Armour
 16599 | D:11     | Noticed an eight-headed hydra
 16897 | D:11     | Noticed Psyche
 16918 | D:11     | Killed Psyche
 16940 | D:11     | Noticed a skeletal warrior
 16940 | D:11     | Noticed a skeletal warrior
 16940 | D:11     | Noticed a skeletal warrior
 16958 | D:11     | Noticed a skeletal warrior
 16995 | D:10     | Killed a skeletal warrior
 17360 | D:6      | Reached XP level 12. HP: 75/75 MP: 16/16
 17386 | D:6      | Bought a pair of embroidered boots for 187 gold pieces
 17808 | D:10     | Killed an eight-headed hydra
 18138 | D:11     | Found a staircase to the Lair.
 18185 | Lair:1   | Entered Level 1 of the Lair of Beasts
 18261 | Lair:1   | Reached ***** piety under Okawaru
 18712 | Lair:1   | Reached skill level 12 in Armour
 19881 | Lair:2   | Found a staircase to the Swamp.
 20064 | Lair:2   | Received a gift from Okawaru
 20065 | Lair:2   | Got a scorched scale mail {god gift}
 20077 | Lair:2   | Identified the +5 scale mail of Gehenna {rPois Str+2 Int-4} (Okawaru gifted it to you on level 2 of the Lair of Beasts)
 20322 | Lair:1   | Reached XP level 13. HP: 33/80 MP: 16/18
 21279 | Lair:2   | Reached skill level 13 in Armour
 21305 | Lair:2   | Reached skill level 10 in Shields
 21423 | Lair:3   | Found a hole to the Spider Nest.
 21902 | Lair:3   | Reached skill level 10 in Fighting
 21918 | Lair:3   | Learned a level 2 spell: Blink
 23615 | Lair:4   | Received a gift from Okawaru
 25306 | Lair:5   | Gained mutation: Your large and strong wings let you fly indefinitely. [Gargoyle growth]
 25306 | Lair:5   | Reached XP level 14. HP: 85/88 MP: 20/20
 25934 | Lair:6   | Entered Level 6 of the Lair of Beasts
 25934 | Lair:6   | Noticed a dire elephant
 26270 | Lair:2   | Reached skill level 14 in Armour
 28216 | D:12     | Reached skill level 1 in Invocations
 28235 | D:12     | Found a staircase to the Orcish Mines.
 28885 | D:12     | Found a shimmering altar of Xom.
 29179 | D:13     | Reached skill level 1 in Translocations
 29740 | D:13     | Found Ydirhah's Assorted Antiques.
 30023 | D:13     | Received a gift from Okawaru
 30062 | D:13     | Found a gate to the Vaults.
 31551 | D:15     | Entered Level 15 of the Dungeon
 31639 | D:15     | Reached XP level 15. HP: 95/95 MP: 15/21
 32009 | Orc:1    | Entered Level 1 of the Orcish Mines
 32055 | Orc:1    | Reached skill level 15 in Armour
 32165 | Orc:1    | Noticed Voland's ghost (novice FeTm)
 32193 | Orc:1    | Killed Voland's ghost
 33084 | Orc:2    | Entered Level 2 of the Orcish Mines
 33123 | Orc:2    | Found a staircase to the Elven Halls.
 33958 | Orc:2    | Found Adisoova's Magic Scroll Emporium.
 33958 | Orc:2    | Found Cava's Distillery.
 33960 | Orc:2    | Found Qasuxt's Antique Weapon Shop.
 33962 | Orc:2    | Found Awnim's Armour Shoppe.
 33982 | Orc:2    | Bought a glowing morningstar for 196 gold pieces
 34005 | Orc:2    | Bought a scroll of acquirement for 520 gold pieces
 34068 | Orc:2    | Bought 2 potions of heal wounds for 130 gold pieces
 34366 | Orc:2    | Received a gift from Okawaru
 35336 | Lair:6   | Found a staircase to the Slime Pits.
 35465 | Lair:6   | Received a gift from Okawaru
 36387 | Spider:1 | Entered Level 1 of the Spider Nest
 36888 | Spider:1 | Reached XP level 16. HP: 101/101 MP: 23/23
 36909 | Spider:1 | Reached skill level 16 in Armour
 36989 | Spider:1 | Received a gift from Okawaru
 37009 | Spider:1 | Got a scorched great mace {god gift}
 37010 | Spider:1 | Identified the +5 great mace "Qafaagy Guo" {crush, rC+ Str+4} (Okawaru gifted it to you on level 1 of the Spider Nest)
 37082 | Spider:1 | Reached skill level 15 in Maces & Flails
 37648 | Spider:2 | Reached skill level 10 in Evocations
 37793 | Spider:1 | Received a gift from Okawaru
 39764 | Spider:2 | Received a gift from Okawaru
 39986 | Spider:4 | Entered Level 4 of the Spider Nest
 40168 | Spider:4 | Noticed Asterion
 40347 | Swamp:1  | Entered Level 1 of the Swamp
 40372 | Swamp:1  | Reached XP level 17. HP: 108/108 MP: 24/24
 40374 | Swamp:1  | Reached skill level 17 in Armour
 41303 | Swamp:2  | Noticed Donald
 41326 | Swamp:2  | Killed Donald
 41524 | Swamp:2  | Noticed Nikola
 41592 | Swamp:2  | Killed Nikola
 41658 | Swamp:2  | Noticed Jorgrun
 41675 | Swamp:2  | Killed Jorgrun
 41675 | Swamp:2  | Reached ****** piety under Okawaru
 42033 | Swamp:2  | Received a gift from Okawaru
 42034 | Swamp:2  | Got a translucent hat {god gift}
 42045 | Swamp:2  | Identified the -2 hat of the Sun {rCorr} (Okawaru gifted it to you on level 2 of the Swamp)
 43909 | Swamp:3  | Found a runed door.
 44422 | Swamp:3  | Got a faintly glowing silver amulet
 44423 | Swamp:3  | Identified the amulet of Xom's Approval {Inacc MP+9 Str-4 Stlth+} (You found it on level 3 of the Swamp)
 44438 | Swamp:3  | Got a smelly chain mail
 44439 | Swamp:3  | Identified the +0 chain mail of Ashenzari's Supremacy {*Corrode +Fly rElec Stlth+} (You found it on level 3 of the Swamp)
 44548 | Swamp:4  | Entered Level 4 of the Swamp
 44816 | Swamp:4  | Noticed mahrgell's ghost (adept DrTm)
 44853 | Swamp:4  | Killed mahrgell's ghost
 45137 | Swamp:4  | Reached XP level 18. HP: 106/115 MP: 26/26
 45175 | Swamp:4  | Reached skill level 18 in Armour
 45228 | Swamp:4  | Noticed a tentacled monstrosity
 45263 | Swamp:4  | Killed a tentacled monstrosity
 45733 | Swamp:4  | Got a decaying rune of Zot
 45815 | Swamp:4  | Received a gift from Okawaru
 46130 | Spider:4 | Killed Asterion
 47274 | Spider:4 | Noticed Agnes
 47285 | Spider:4 | Killed Agnes
 47932 | Spider:4 | Received a gift from Okawaru
 47935 | Spider:4 | Got a twisted plate armour {god gift}
 47936 | Spider:4 | Identified the +7 plate armour of the Gravedigger {*Drain rElec rN+ MR+ Regen+} (Okawaru gifted it to you on level 4 of the Spider Nest)
 48696 | Spider:4 | Got a gossamer rune of Zot
 49314 | D:6      | Bought a wand of iceblast (5) for 99 gold pieces
 49556 | Orc:2    | Bought a scroll of identify for 20 gold pieces
 49556 | Orc:2    | Bought a scroll of identify for 20 gold pieces
 49556 | Orc:2    | Bought a scroll of identify for 20 gold pieces
 49556 | Orc:2    | Bought a scroll of immolation for 35 gold pieces
 49556 | Orc:2    | Bought a scroll of identify for 20 gold pieces
 49556 | Orc:2    | Bought 3 scrolls of identify for 60 gold pieces
 49607 | Elf:1    | Entered Level 1 of the Elven Halls
 49687 | Vaults:1 | Entered Level 1 of the Vaults
 50004 | Vaults:1 | Reached XP level 19. HP: 121/121 MP: 24/27
 50871 | Vaults:1 | Reached skill level 19 in Armour
 51138 | Vaults:1 | Received a gift from Okawaru
 52102 | Vaults:2 | Noticed Margery
 52330 | Vaults:2 | Killed Margery
 52510 | Vaults:2 | Noticed a lich
 52514 | Vaults:2 | Killed a lich
 52608 | Vaults:2 | Received a gift from Okawaru
 52919 | Vaults:2 | Received a gift from Okawaru
 53180 | Vaults:2 | Reached XP level 20. HP: 109/128 MP: 29/29
 53229 | Vaults:2 | Reached skill level 15 in Shields
 53370 | Vaults:2 | Reached skill level 15 in Fighting
 54267 | Vaults:3 | Reached skill level 20 in Armour
 54622 | Vaults:3 | Found a staircase to the Crypt.
 55904 | Vaults:2 | Received a gift from Okawaru
 57359 | Vaults:4 | Reached XP level 21. HP: 113/135 MP: 30/30
 57578 | Vaults:4 | Received a gift from Okawaru
 57579 | Vaults:4 | Got a polished flail {god gift}
 57586 | Vaults:4 | Identified the +10 flail of the Lurker {venom, Int+2 Dex+2} (Okawaru gifted it to you on level 4 of the Vaults)
 57977 | Vaults:4 | Found a gateway to a bazaar.
 58575 | Vaults:4 | Received a gift from Okawaru
 59237 | Bazaar   | Entered a bazaar
 59274 | Bazaar   | Found Waimneps's Assorted Antiques.
 59307 | Bazaar   | Found Gismiyse's Armour Shoppe.
 59322 | Bazaar   | Found Jayfiyxoh's Antique Weapon Emporium.
 59343 | Bazaar   | Found Woahiag's Assorted Antiques.
 59349 | Bazaar   | Bought a twisted pearl amulet for 90 gold pieces
 60208 | Elf:1    | Found Ynuihin's Book Boutique.
 60232 | Elf:1    | Reached skill level 21 in Armour
 61513 | Elf:2    | Received a gift from Okawaru
 61514 | Elf:2    | Got a twisted hat {god gift}
 61515 | Elf:2    | Identified the +3 hat "Wioduemo" {rPois rC- Int+2} (Okawaru gifted it to you on level 2 of the Elven Halls)
 61648 | Elf:2    | Found a huge runed gate.
 61648 | Elf:2    | Found a huge runed gate.
 61649 | Elf:2    | Found a huge runed gate.
 61650 | Elf:2    | Found a huge runed gate.
 61651 | Elf:2    | Reached XP level 22. HP: 142/142 MP: 32/32
 61653 | Elf:2    | Found a huge runed gate.
 61928 | Elf:3    | Entered Level 3 of the Elven Halls
 63337 | Elf:3    | Got a wavering marble ring
 63405 | Elf:3    | Received a gift from Okawaru
 63412 | Elf:3    | Gained mutation: You do not regenerate when monsters are visible. [a neqoxec]
 63563 | Elf:2    | Identified the ring "Cuv Tily" {rElec rN+ MR- Str+4 Int+2} (You took it off a deep elf annihilator on level 3 of the Elven Halls)
 64080 | Elf:3    | Identified the Catalogue of the Congealing Compass
 64788 | Crypt:1  | Entered Level 1 of the Crypt
 66075 | Crypt:1  | Reached skill level 22 in Armour
 66089 | Crypt:1  | Noticed Frederick
 66567 | Crypt:1  | Killed Frederick
 67194 | Crypt:2  | Reached XP level 23. HP: 134/148 MP: 33/33
 67615 | Crypt:2  | Received a gift from Okawaru
 67672 | Crypt:2  | Identified the +1 ring mail of Dishonour {rF+} (Okawaru gifted it to you on level 2 of the Crypt)
 67813 | Crypt:2  | Noticed Bai Suzhen
 67838 | Crypt:2  | Killed Bai Suzhen
 68307 | Crypt:3  | Entered Level 3 of the Crypt
 68928 | Crypt:3  | Found a staircase to the Tomb.
 69304 | Crypt:3  | Found a basalt altar of Yredelemnul.
 69340 | Crypt:3  | Identified the ring of the Hidden Continents {rC+ rN+} (You found it on level 3 of the Crypt)
 69341 | Crypt:3  | Identified the ring "Bieski Mimme" {+Blink rN+ Dex+3 Slay+2} (You found it on level 3 of the Crypt)
 69342 | Crypt:3  | Identified the ring "Hisyocag" {rPois rC+++ rN+ MR+ Slay-4} (You found it on level 3 of the Crypt)
 69446 | Crypt:3  | Noticed an ancient lich
 69463 | Crypt:3  | Killed an ancient lich
 69617 | Crypt:3  | Received a gift from Okawaru
 69658 | Crypt:3  | Identified the +3 mace "Otebb" {crush, Stlth+} (Okawaru gifted it to you on level 3 of the Crypt)
 69778 | Crypt:3  | Found the +7 sceptre of Torment
 70400 | Vaults:5 | Entered Level 5 of the Vaults
 70525 | Vaults:4 | Reached XP level 24. HP: 154/156 MP: 33/33
 70619 | Vaults:4 | Received a gift from Okawaru
 70953 | Vaults:5 | Reached skill level 23 in Armour
 73152 | Vaults:5 | Reached skill level 15 in Evocations
 73164 | Vaults:5 | Received a gift from Okawaru
 73170 | Vaults:5 | Identified the +3 scale mail of the Monkey {rF+ rC- rN+} (Okawaru gifted it to you on level 5 of the Vaults)
 73485 | Vaults:5 | Identified the Papyrus of the Captivating Blaze
 73829 | Vaults:5 | Found Mausidet's Jewellery Shop.
 74185 | Vaults:5 | Identified the Volume of Floating Cold
 74315 | Vaults:5 | Found Ihayps's Distillery.
 74319 | Vaults:5 | Bought a potion of heal wounds for 80 gold pieces
 74319 | Vaults:5 | Bought a potion of heal wounds for 80 gold pieces
 74319 | Vaults:5 | Bought a potion of heal wounds for 80 gold pieces
 74319 | Vaults:5 | Bought a potion of might for 64 gold pieces
 74319 | Vaults:5 | Bought a potion of might for 64 gold pieces
 74319 | Vaults:5 | Bought a potion of haste for 160 gold pieces
 74319 | Vaults:5 | Bought a potion of might for 64 gold pieces
 74349 | Vaults:5 | Found Otiev's Food Emporium.
 74369 | Vaults:5 | Reached XP level 25. HP: 158/163 MP: 34/34
 74379 | Vaults:5 | Found Tul Emil's Food Shoppe.
 74391 | Vaults:5 | Got a silver rune of Zot
 74630 | D:15     | Found a staircase to the Depths.
 74804 | D:15     | Noticed Azrael
 74813 | D:15     | Killed Azrael
 74984 | D:15     | Found a portal to a secret trove of treasure.
 75343 | Depths:1 | Entered Level 1 of the Depths
 75648 | Depths:1 | Found Zotriokite's One-of-a-Kind Books.
 75960 | Depths:1 | Found Cuenerph's Book Emporium.
 76017 | Depths:1 | You are sucked into a shaft!
 76069 | Depths:2 | Paralysed by a floating eye for 4 turns
 76694 | Depths:1 | Found a gateway to Hell.
 76909 | Depths:2 | Received a gift from Okawaru
 76915 | Depths:2 | Reached skill level 24 in Armour
 77630 | Depths:2 | Found a gateway to a ziggurat.
 78527 | Depths:2 | Found Rijynaiz's Gadget Shoppe.
 78527 | Depths:2 | Found Veafaek's Jewellery Shop.
 78528 | Depths:2 | Found Myrie's Gadget Shoppe.
 78762 | Depths:3 | Found a one-way gate leading to the halls of Pandemonium.
 79214 | Depths:3 | Found Liepsaq's Magic Scroll Boutique.
 79215 | Depths:3 | Found Bech's Assorted Antiques.
 79215 | Depths:3 | Found Zatin Nui's Armour Shop.
 79218 | Depths:3 | Found Ycuczu's Book Shop.
 79283 | Depths:3 | Found a one-way gate to the infinite horrors of the Abyss.
 79890 | Depths:2 | Received a gift from Okawaru
 80546 | Depths:3 | Reached XP level 26. HP: 156/170 MP: 34/34
 80783 | Depths:3 | Found the +8 glaive of the Guard {elec, +Rage AC+5 SInv}
 81614 | Slime:1  | Entered Level 1 of the Pits of Slime
 82755 | Slime:2  | Gained mutation: Your body sometimes deteriorates upon taking damage. [a shining eye]
 82760 | Slime:2  | Gained mutation: You are weak. (Str -2) [a shining eye]
 83410 | Slime:5  | Entered Level 5 of the Pits of Slime
 83424 | Slime:5  | Received a gift from Okawaru
 83543 | Slime:5  | Gained mutation: You are occasionally teleported next to monsters. [a shining eye]
 83549 | Slime:5  | Gained mutation: You occasionally shout uncontrollably at your foes. [a shining eye]
 83754 | Slime:2  | Gained mutation: You are very weak. (Str -4) [a shining eye]
 83755 | Slime:2  | Gained mutation: Your magical capacity is low. (-10% MP) [a shining eye]
 83756 | Slime:2  | Gained mutation: Your mind is acute. (Int +2) [a shining eye]
 84357 | Vaults:5 | Bought a potion of mutation for 128 gold pieces
 84951 | D:6      | Lost mutation: Your body sometimes deteriorates upon taking damage. [potion of mutation]
 84951 | D:6      | Lost mutation: Your magical capacity is low. (-10% MP) [potion of mutation]
 84951 | D:6      | Lost mutation: You are occasionally teleported next to monsters. [potion of mutation]
 84951 | D:6      | Lost mutation: Your mind is acute. (Int +2) [potion of mutation]
 84951 | D:6      | Gained mutation: You are dopey. (Int -2) [potion of mutation]
 84951 | D:6      | Lost mutation: You are dopey. (Int -2) [potion of mutation]
 84951 | D:6      | Gained mutation: Your flesh is heat resistant. (rF+) [potion of mutation]
 84993 | D:6      | Lost mutation: You do not regenerate when monsters are visible. [potion of mutation]
 84993 | D:6      | Gained mutation: You are frail. (-10% HP) [potion of mutation]
 84993 | D:6      | Gained mutation: You have sharp toenails. [potion of mutation]
 84994 | D:6      | Lost mutation: You are frail. (-10% HP) [potion of mutation]
 84994 | D:6      | Lost mutation: You have sharp toenails. [potion of mutation]
 84994 | D:6      | Lost mutation: You occasionally shout uncontrollably at your foes. [potion of mutation]
 84994 | D:6      | Gained mutation: You do not regenerate when monsters are visible. [potion of mutation]
 84994 | D:6      | Gained mutation: Your flesh is cold resistant. (rC+) [potion of mutation]
 85018 | D:6      | Found Yvew's Food Emporium.
 85516 | Slime:5  | Noticed deszczowiec's ghost (adept MiBe)
 85690 | Slime:5  | Gained mutation: Your magical capacity is low. (-10% MP) [a shining eye]
 85691 | Slime:5  | Gained mutation: You are dopey. (Int -2) [a shining eye]
 86050 | Slime:5  | Noticed the Royal Jelly
 86513 | Slime:5  | Killed the Royal Jelly
 86513 | Slime:5  | Received a gift from Okawaru
 86579 | Slime:3  | Gained mutation: Your body sometimes deteriorates upon taking damage. [a shining eye]
 87000 | Slime:5  | Noticed oldnick's ghost (veteran DgCj)
 87128 | Slime:5  | Killed oldnick's ghost
 87297 | Slime:5  | Killed deszczowiec's ghost
 87297 | Slime:5  | Reached skill level 25 in Armour
 88038 | Slime:5  | Got a slimy rune of Zot
 88089 | Slime:5  | Identified the ring "Ygueg" {rF+ MR+ SInv Stlth+} (You found it on level 5 of the Pits of Slime)
 88105 | Slime:5  | Identified the +3 eveningstar of Infinity {vamp, rC+ rN++ Dex-5} (You found it on level 5 of the Pits of Slime)
 88125 | Slime:5  | Identified the cursed +3 morningstar of Beogh's Wrath {freeze, rElec rPois rN++ Stlth+} (You found it on level 5 of the Pits of Slime)
 88179 | Slime:5  | Identified the cursed +0 flail "Heugeom" {drain, Fragile Str+7 Dex+2 Stlth+} (You found it on level 5 of the Pits of Slime)
 88546 | Slime:5  | Identified the amulet of Kaehuph {RegenMP rF+} (You acquired it on level 5 of the Pits of Slime)
 88970 | Vaults:4 | Lost mutation: Your magical capacity is low. (-10% MP) [potion of mutation]
 88970 | Vaults:4 | Lost mutation: You are very weak. (Str -4) [potion of mutation]
 88970 | Vaults:4 | Lost mutation: Your body sometimes deteriorates upon taking damage. [potion of mutation]
 88970 | Vaults:4 | Lost mutation: You are dopey. (Int -2) [potion of mutation]
 88970 | Vaults:4 | Gained mutation: Armour fits poorly on your strangely shaped body. [potion of mutation]
 88970 | Vaults:4 | Gained mutation: You tend to lose your temper in combat. [potion of mutation]
 88970 | Vaults:4 | Gained mutation: You are robust. (+10% HP) [potion of mutation]
 88971 | Vaults:4 | Lost mutation: Your flesh is heat resistant. (rF+) [potion of mutation]
 88971 | Vaults:4 | Lost mutation: You do not regenerate when monsters are visible. [potion of mutation]
 88971 | Vaults:4 | Lost mutation: Your flesh is cold resistant. (rC+) [potion of mutation]
 88971 | Vaults:4 | Gained mutation: You have large cloven feet. [potion of mutation]
 88971 | Vaults:4 | Gained mutation: You are partially covered in large bone plates. (SH +4) [potion of mutation]
 88971 | Vaults:4 | Gained mutation: You are clumsy. (Dex -2) [potion of mutation]
 88971 | Vaults:4 | Gained mutation: You are partially covered in rugged brown scales. (AC +1, +3% HP) [potion of mutation]
 88972 | Vaults:4 | Lost mutation: You are robust. (+10% HP) [potion of mutation]
 88972 | Vaults:4 | Lost mutation: You have large cloven feet. [potion of mutation]
 88972 | Vaults:4 | Gained mutation: You have a pair of small horns on your head. [potion of mutation]
 88972 | Vaults:4 | Gained mutation: You are mostly covered in rugged brown scales. (AC +2, +5% HP) [potion of mutation]
 88972 | Vaults:4 | Gained mutation: Your spells are a little harder to cast, but a little more powerful. [potion of mutation]
 89123 | Vaults:4 | Lost mutation: Armour fits poorly on your strangely shaped body. [potion of mutation]
 89123 | Vaults:4 | Lost mutation: You tend to lose your temper in combat. [potion of mutation]
 89123 | Vaults:4 | Lost mutation: You are clumsy. (Dex -2) [potion of mutation]
 89123 | Vaults:4 | Gained mutation: You are resistant to hostile enchantments. (MR+) [potion of mutation]
 89123 | Vaults:4 | Gained mutation: You are robust. (+10% HP) [potion of mutation]
 89624 | Depths:4 | Received a gift from Okawaru
 89661 | Depths:4 | Reached XP level 27. HP: 138/203 MP: 35/35
 89788 | Depths:4 | Noticed Boris
 89798 | Depths:4 | Killed Boris
 89801 | Depths:4 | Noticed Saint Roka
 89813 | Depths:4 | Found a glowing golden altar of the Shining One.
 89818 | Depths:4 | Got a pitted plate armour
 89833 | Depths:3 | Identified the cursed +1 plate armour "Cineazun" {+Inv} (You found it on level 4 of the Depths)
 90687 | Depths:4 | Killed Saint Roka
 90812 | Depths:4 | Received a gift from Okawaru
 91487 | Depths:5 | Entered Level 5 of the Depths
 91503 | Depths:5 | Paralysed by a floating eye for 4 turns
 91574 | Depths:5 | Identified the ring of Kuugaoh {+Fly rN++ Dex-5} (You took it off an orc on level 5 of the Depths)
 91614 | Depths:5 | Reached skill level 5 in Translocations
 91833 | Depths:5 | Identified the ring "Eluegej" {rN+ MR- Str+2 SInv Stlth+} (You found it on level 5 of the Depths)
 91914 | Depths:5 | Paralysed by a floating eye for 3 turns
 91970 | Depths:5 | Found Emoh's General Store.
 91987 | Depths:5 | Bought a scroll of identify for 46 gold pieces
 91987 | Depths:5 | Bought a scroll of teleportation for 69 gold pieces
 92014 | Depths:5 | Identified the ring "Megihiec" {rPois rC+ Str+2 Dex+3 Slay-3} (You found it on level 5 of the Depths)
 92989 | Depths:5 | Found a gate to the Realm of Zot.
 92993 | Depths:5 | Received a gift from Okawaru
 93137 | Depths:5 | Noticed Sojobo
 93485 | Depths:5 | Killed Sojobo
 93643 | Zot:1    | Entered Level 1 of the Realm of Zot
 93748 | Depths:5 | Reached skill level 1 in Spellcasting
 94641 | Zot:1    | Noticed garbagetei's ghost (legendary GnFi)
 94700 | Zot:1    | Killed garbagetei's ghost
 95532 | Zot:1    | Received a gift from Okawaru
 95532 | Zot:1    | Reached skill level 26 in Armour
 95699 | Zot:1    | Identified the +0 helmet "Susazyit" {Dex+2} (You found it on level 1 of the Realm of Zot)
 95884 | Zot:1    | Reached skill level 5 in Spellcasting
 98433 | Zot:3    | Received a gift from Okawaru
100238 | Zot:4    | Cast into level 5 of the Abyss (the power of Zot)
100238 | Abyss:5  | Entered Level 5 of the Abyss
100238 | Abyss:5  | Found a corrupted altar of Lugonu.
100238 | Abyss:5  | Found a blossoming altar of Fedhas.
100257 | Abyss:5  | Found a blossoming altar of Fedhas.
100298 | Abyss:5  | Received a gift from Okawaru
100344 | Abyss:5  | Paralysed by accursed screaming for 1 turns
100770 | Zot:4    | Escaped the Abyss
100770 | Zot:4    | Noticed an orb of fire
100785 | Zot:4    | Killed an orb of fire
101681 | Zot:4    | Received a gift from Okawaru
102170 | Vaults:4 | Learned a level 1 spell: Summon Butterflies
102534 | Zot:5    | Entered Level 5 of the Realm of Zot
102671 | Zot:5    | Reached skill level 1 in Summonings
102672 | Zot:5    | Noticed an ancient lich
102686 | Zot:5    | Killed an ancient lich
102690 | Zot:5    | Noticed an orb of fire
102777 | Zot:5    | Killed an orb of fire
102848 | Zot:5    | Reached skill level 10 in Spellcasting
102853 | Zot:5    | Noticed an ancient lich
102907 | Zot:5    | Noticed an ancient lich
103197 | Zot:5    | Killed an ancient lich
103209 | Zot:5    | Killed an ancient lich
103363 | Zot:5    | Noticed an ancient lich
103410 | Zot:5    | Killed an ancient lich
103628 | Zot:5    | Received a gift from Okawaru
103766 | Zot:5    | Noticed an ancient lich
103779 | Zot:5    | Killed an ancient lich
104123 | Zot:5    | Noticed an orb of fire
104130 | Zot:5    | Gained mutation: You are clumsy. (Dex -2) [an orb of fire]
104133 | Zot:5    | Killed an orb of fire
104248 | Zot:5    | Received a gift from Okawaru
104249 | Zot:5    | Identified the +1 pair of gloves of Nesaol {Slay+3 Stlth+} (Okawaru gifted it to you on level 5 of the Realm of Zot)
104527 | Zot:5    | Noticed an orb of fire
104533 | Zot:5    | Gained mutation: You are very weak. (Str -4) [an orb of fire]
104536 | Zot:5    | Gained mutation: You are dopey. (Int -2) [an orb of fire]
104549 | Zot:5    | Gained mutation: You do not regenerate when monsters are visible. [an orb of fire]
104550 | Zot:5    | Gained mutation: Armour fits poorly on your strangely shaped body. [an orb of fire]
104552 | Zot:5    | Killed an orb of fire
104566 | Zot:5    | Noticed an orb of fire
104574 | Zot:5    | Noticed an orb of fire
104576 | Zot:5    | Killed an orb of fire
104579 | Zot:5    | Noticed an orb of fire
104587 | Zot:5    | Killed an orb of fire
104592 | Zot:5    | Lost mutation: Your spells are a little harder to cast, but a little more powerful. [an orb of fire]
104595 | Zot:5    | Killed an orb of fire
104696 | Zot:5    | Noticed an orb of fire
104709 | Zot:5    | Killed an orb of fire
104711 | Zot:5    | Noticed an orb of fire
104715 | Zot:5    | Gained mutation: You are very dopey. (Int -4) [an orb of fire]
104717 | Zot:5    | Killed an orb of fire
105028 | Zot:5    | Noticed an orb of fire
105043 | Zot:5    | Killed an orb of fire
105443 | Zot:5    | Received a gift from Okawaru
105501 | Zot:5    | Reached skill level 27 in Armour
105629 | Zot:5    | Got the Orb of Zot
105948 | D:11     | Received a gift from Okawaru
105970 | D:10     | Noticed Bidghachi the pandemonium lord
106014 | D:9      | Noticed Jiukiman the pandemonium lord
106229 | D:1      | Noticed a seraph
106251 | D:$      | Escaped with the Orb!

Skill      XL: |  1  2  3  4  5  6  7  8  9 10 11 12 13 14 15 16 17 18 19 20 21 22 23 24 25 26 27 |
---------------+----------------------------------------------------------------------------------+-----
Maces & Flails | 3 4 5 6 7 9 10 11 12 13 14 15 16 17 18 19 20 21 22 23 26 | 26.4
Shields        | 4 5 6 7 8 9 10 11 12 13 14 15 16 17 18 19 23 | 23.6
Armour         | 4 5 6 7 8 10 11 12 13 14 15 16 17 18 19 20 21 22 23 24 25 27 | 27.0
Fighting       | 4 5 6 7 8 9 10 11 12 13 14 15 16 17 18 19 21 | 21.5
Evocations     | 2 3 5 6 7 8 9 10 11 12 13 14 15 16 | 16.2
Invocations    | 2 |  2.0
Translocations | 2 3 7 |  7.0
Spellcasting   | 12 | 12.7
Summonings     | 4 |  4.0
Dodging        | |  0.3

Action                   |  1- 3 |  4- 6 |  7- 9 | 10-12 | 13-15 | 16-18 | 19-21 | 22-24 | 25-27 || total
-------------------------+-------+-------+-------+-------+-------+-------+-------+-------+-------++-------
Melee: Flail             |   159 |   222 |    11 |       |       |       |       |       |       ||   392
       Mace              |       |       |   497 |  1354 |  2005 |       |       |       |       ||  3856
       Eveningstar       |       |       |       |       |   317 |  1768 |  1754 |  1788 |  3597 ||  9224
       Morningstar       |       |       |       |       |     9 |       |       |       |       ||     9
       Headbutt          |       |       |       |       |       |       |       |       |   714 ||   714
 Cast: Blink             |       |       |       |       |       |       |       |       |     1 ||     1
Invok: Heroism           |       |       |       |    25 |    32 |    38 |    49 |    37 |    63 ||   244
 Abil: Evoke Blink       |       |       |       |       |       |       |       |     1 |     3 ||     4
Evoke: Wand              |       |       |     4 |     7 |     1 |       |     5 |     1 |    17 ||    35
  Use: Scroll            |     2 |     3 |     1 |    12 |     9 |    19 |     8 |    18 |    45 ||   117
       Potion            |       |       |     4 |     7 |       |       |     1 |     4 |    23 ||    39
 Stab: Distracted        |       |       |     1 |       |       |       |       |     1 |     3 ||     5
       Petrified         |       |       |       |       |     9 |       |       |       |       ||     9
       Petrifying        |       |       |       |       |     2 |       |       |       |       ||     2
       Held in net/web   |       |       |       |       |       |     1 |       |       |       ||     1
  Eat: Chunk             |     1 |     4 |    13 |     4 |    14 |     4 |     8 |     1 |     3 ||    52
       Ration            |       |     2 |     2 |     9 |    13 |    11 |     9 |    12 |    30 ||    88
Armor: Scale mail        |   141 |   144 |   304 |   529 |   861 |   145 |       |       |       ||  2124
       Plate armour      |       |       |       |       |       |   897 |   552 |   746 |  2115 ||  4310
Dodge: Dodged            |   101 |    70 |   185 |   738 |  1127 |   892 |   481 |   358 |   775 ||  4727
Block: Shield            |   119 |   125 |   310 |  1010 |  2025 |  1742 |  1214 |  1264 |  3103 || 10912
       Reflection        |       |       |       |    16 |   118 |     9 |   135 |    76 |   109 ||   463
